 Dungeon Crawl Stone Soup version 0.21.1-1-g345015f (webtiles) character file.

348650 czar the Earth Mage (level 22, -17/136 HPs)
             Began as a Gargoyle Earth Elementalist on Feb 8, 2018.
             Was the Champion of Vehumet.
             Shot with a bolt by a yaktaur captain (40 damage)
             ... on level 2 of the Vaults on Feb 18, 2018.
             The game lasted 10:24:37 (53934 turns).

czar the Earth Mage (Gargoyle Earth Elementalist)  Turns: 53934, Time: 10:24:38

Health: -17/136    AC: 29    Str: 13    XL:     22   Next: 17%
Magic:  16/48      EV: 17    Int: 28    God:    Vehumet [******]
Gold:   2686       SH:  8    Dex: 10    Spells: 9/47 levels left

rFire    + + .     SeeInvis .   g - +7 demon whip (venom)
rCold    . . .     Gourm    .   V - +3 buckler {AC+3}
rNeg     + . .     Faith    .   Z - +2 robe {Archmagi}
rPois    ∞         Spirit   .   U - +1 helmet {Int+3}
rElec    +         Reflect  .   O - scarf {rC+ rF+}
rCorr    .         Harm     .   (no gloves)
MR       +....                  e - +1 pair of boots
Stlth    ++........             Q - amulet of regeneration
HPRegen  0.72/turn              R - ring of fire
MPRegen  0.31/turn              c - ring of magical power

@: flying
A: big wings, mutation resistance 1, negative energy resistance 1, electricity
resistance, unbreathing, petrification resistance, rot immunity, AC +16
}: 2/15 runes: decaying, gossamer
a: Stop Flying, Renounce Religion


You were on level 2 of the Vaults.
You worshipped Vehumet.
Vehumet was exalted by your worship.
You were near starving.

You visited 8 branches of the dungeon, and saw 36 of its levels.
You visited the Abyss 1 time.
You also visited: Ossuary, Volcano and Desolation.

You collected 3575 gold pieces.
You spent 889 gold pieces at shops.

Inventory:

Hand Weapons
 g - a +7 demon whip of venom (weapon)
 S - a +2 morningstar of pain
Missiles
 b - 135 stones (quivered)
Armour
 e - a +1 pair of boots (worn)
 y - a +2 robe of cold resistance
 L - a +0 robe of fire resistance
 O - a scarf of resistance (worn)
 U - a +1 helmet of intelligence (worn)
 V - a +3 buckler of protection (worn)
 Z - a +2 robe of the Archmagi (worn)
Jewellery
 c - a ring of magical power (right hand)
 D - an uncursed ring of protection from fire
 H - an uncursed ring of protection from magic
 M - an uncursed ring of protection from cold
 N - an uncursed ring of see invisible
 Q - an amulet of regeneration (around neck)
 R - a ring of fire (left hand)
 Y - an uncursed ring of ice
Wands
 l - a wand of digging (36)
 I - a wand of flame (46)
 K - a wand of iceblast (17)
Scrolls
 h - 12 scrolls of remove curse
 s - 3 scrolls of magic mapping
 v - 2 scrolls of blinking
 C - 18 scrolls of identify
Potions
 f - 5 potions of resistance
 j - 7 potions of curing
 p - a potion of berserk rage
 q - 2 potions of cancellation
 w - 3 potions of haste
 B - 2 potions of brilliance
 E - a potion of invisibility
 F - 3 potions of ambrosia
 G - 4 potions of magic
Miscellaneous
 a - a phantom mirror
 n - a crystal ball of energy
 o - a box of beasts
 r - 2 sacks of spiders
 u - a fan of gales
 P - a fan of gales
Comestibles
 d - 22 rations
 i - 2 chunks of flesh


   Skills:
 + Level 13.7 Fighting
 + Level 12.7 Maces & Flails
 - Level 6.7 Armour
 + Level 11.1 Dodging
 - Level 2.1 Stealth
 + Level 8.0 Shields
 + Level 13.4 Spellcasting
 + Level 15.1 Conjurations
   Level 0.7 Transmutations
 + Level 12.8 Fire Magic
 + Level 16.8 Earth Magic
 + Level 11.9 Evocations


You had 9 spell levels left.
You knew the following spells:

 Your Spells              Type           Power        Failure   Level  Hunger
a - Sandblast             Erth           ######       0%          1    None
b - Stone Arrow           Conj/Erth      ######       0%          3    None
c - Lee's Rapid Deconstr  Erth           ########..   1%          5    ##.....
d - Conjure Flame         Conj/Fire      ########     1%          3    None
e - Sticky Flame          Conj/Fire      ########     1%          4    None
f - Fireball              Conj/Fire      ########..   1%          5    ##.....
g - Blink                 Tloc           N/A          4%          2    None
h - Iron Shot             Conj/Erth      ########..   1%          6    ####...
i - Bolt of Fire          Conj/Fire      ########..   1%          6    ####...
j - Teleport Other        Tloc           ####....     9%          3    None


Dungeon Overview and Level Annotations

Branches:
Dungeon (15/15)            Temple (1/1) D:4            Lair (6/6) D:9
  Swamp (4/4) Lair:4       Spider (4/4) Lair:2        Slime (0/5) Lair:6
    Orc (2/2) D:11            Elf (2/3) Orc:2        Vaults (2/5) D:13
 Depths (0/5) D:15
  Crypt: Vaults:2-3

Altars:
Ashenzari
Cheibriados
Dithmenos
Elyvilon
Fedhas
Gozag
Kikubaaqudgha
Makhleb
Nemelex Xobeh
Okawaru
Qazlal
Ru
Sif Muna
Uskayaw
Vehumet
Wu Jian
Xom
Yredelemnul
Zin
The Shining One
Beogh
Jiyva

Shops:
D:6 :   D:9 [   Orc:1 }(?*   Orc:2 [}[}   Elf:2 %

Annotations:
Lair:1 exclusion: oklob plant
Lair:3 exclusion: oklob plant
Lair:6 exclusion: oklob plant
Swamp:2 Louise
Spider:2 exclusion: ice statue


Innate Abilities, Weirdness & Mutations

You are resistant to torment.
Your stone body is resilient. (AC +16)
You are immune to poison.
Your large and strong wings let you fly indefinitely.
You resist negative energy. (rN+)
You are resistant to electric shocks. (rElec)
You can survive without breathing.
You are immune to petrification.
You are immune to rotting.
You are somewhat resistant to further mutation.


Message History

Press: ? - help, Shift-Dir - straight line, f - yaktaur captain, p - two-headed ogre
Aim: a yaktaur captain You feel a strong surge of power!
The bolt of fire hits the two-headed ogre.
You kill the two-headed ogre!
Vehumet accepts your kill.
You are near starving!
Casting: Bolt of Fire
Confirm with . or Enter, or press ? or * to list all spells.
You can't see any susceptible monsters within range! (Use Z to cast anyway.)
The yaktaur captain wields an arbalest.
The yaktaur captain shoots a bolt.
The bolt hits you!
You see here a bolt.
The yaktaur captain shoots a bolt.
The bolt hits you!!
* * * LOW HITPOINT WARNING * * *
Casting: Bolt of Fire
Confirm with . or Enter, or press ? or * to list all spells.
You can't see any susceptible monsters within range! (Use Z to cast anyway.)
The yaktaur captain shoots a bolt.
The bolt hits you!!!
You die...

###### #....# **
#....# ***** ,*
#....# **,,,** ,*
########@...#
**,,,,,**
********#......'....#
**,,***,,*
,*,,,,..#.....(#(...#
**,,**,**,,
,*,,,,..'.))))((.(..#
*,,**,,,**,
**,,,,..'.c....#)...#
*,,*,,,,,*,
,*,,,,..'...)..#..).#
*,,**,,,**,
,+,,,,.)#......#....#
**,,**,**,,
**,<,,.,########....#
**,,*+*,,* *,,,,,,*
#....# **,,,,,**


You could see a yaktaur captain.

Vanquished Creatures
  Jorgrun (Swamp:3)
  A deep elf blademaster (Elf:2)
  Gastronok (D:12)
  Kirke (Swamp:3)
  A thorn hunter (Swamp:4)
  A tengu reaver (Vaults:1)
  Donald (Swamp:3)
  An azure jelly (Swamp:4)
  2 vault wardens (Vaults:1)
  8 ghost moths
  A deep elf sorcerer (Vaults:1)
  A frost giant (Vaults:1)
  2 imperial myrmidons (Desolation)
  7 emperor scorpions
  4 ironheart preservers
  4 stone giants
  2 deep elf demonologists (Elf:1)
  Nessos (Lair:5)
  8 entropy weavers
  A very ugly thing (Swamp:3)
  Azrael (D:13)
  A deep elf annihilator (Elf:1)
  2 halazid warlocks (Desolation)
  A spark wasp (Spider:4)
  Snorg (Lair:5)
  3 ogre magi
  A crystal guardian (Desolation)
  4 yaktaur captains
  Josephine (D:15)
  2 fire dragons (Vaults:1)
  3 servants of whispers (Desolation)
  4 ragged hierophants (Desolation)
  A deep elf high priest (Elf:2)
  A great orb of eyes (Vaults:1)
  3 vault guards
  4 ghost crabs
  2 ice dragons (Swamp:4)
  Fannar (Lair:3)
  3 peacekeepers (Desolation)
  A rakshasa (Vaults:1)
  Erolcha (D:11)
  13 hydras
  6 centaur warriors
  2 catoblepae (D:14)
  The ghost of shakethe the Arsonist, a journeyman TeFE of Kikubaaqudgha (D:10)
  10 two-headed ogres
  The ghost of Quirk the Blocker, a novice GnFi of Ashenzari (D:8)
  11 death yaks
  14 alligators
  4 thrashing horrors (Abyss:2)
  26 dancing weapons
  7 orc high priests
  Urug (D:13)
  16 deep elf knights
  6 large abominations (Abyss:2)
  Nergalle (Lair:1)
  9 skeletal warriors
  2 sixfirhies (Abyss:2)
  A fire crab (shapeshifter) (Vaults:1)
  A salamander mystic (Volcano)
  4 wizards
  2 spriggan druids
  3 swamp dragons
  3 unseen horrors
  2 shambling mangroves (Swamp:3)
  6 deep elf archers
  2 deep trolls (Vaults:1)
  11 ironbrand convokers
  5 necromancers
  A harpy (shapeshifter) (Vaults:1)
  A harpy (Vaults:1)
  23 orb spiders
  6 manticores
  8 orc knights
  24 wolf spiders
  A lindwurm (shapeshifter) (Abyss:2)
  3 orc sorcerers
  8 cyclopes
  16 ugly things
  55 deep elf magi
  4 moths of wrath
  11 elephants
  5 black mambas
  A guardian serpent (Desolation)
  An apocalypse crab (Abyss:2)
  A molten gargoyle (Desolation)
  4 vault sentinels (Vaults:1)
  A human skeleton (Vaults:1)
  An orange demon (Abyss:2)
  A gargoyle (D:14)
  15 spiny frogs
  A smoke demon (Abyss:2)
  6 torpor snails
  2 rime drakes
  8 komodo dragons
  17 demonic crawlers
  9 yaktaurs
  6 freezing wraiths
  An efreet (Abyss:2)
  4 polar bears (Lair:6)
  3 meliai (Spider:2)
  36 jumping spiders
  A queen bee (Spider:2)
  7 trolls
  23 saltlings (Desolation)
  5 tyrant leeches
  3 raiju (Abyss:2)
  8 blink frogs
  24 hornets
  A harpy skeleton (D:15)
  8 dream sheep
  9 bog bodies
  10 hippogriffs
  A dream sheep (shapeshifter) (Vaults:1)
  A stone giant simulacrum (Vaults:1)
  21 slime creatures
  93 redbacks
  2 water elementals (Elf:2)
  23 spriggans
  Sigmund (D:2)
  A redback (shapeshifter) (Elf:1)
  A spriggan (shapeshifter) (Vaults:1)
  34 tarantellas
  3 shadows
  A ynoxinul (Abyss:2)
  8 wyverns
  3 fire elementals
  21 humans (D:13)
  48 yaks
  7 wraiths
  A basilisk (Lair:5)
  Grum (Lair:1)
  18 vampire mosquitoes
  A neqoxec (Abyss:2)
  4 hogs (Swamp:3)
  3 hungry ghosts
  5 swamp worm simulacra (Swamp:4)
  14 wargs
  12 swamp worms
  2 acid dragons
  16 insubstantial wisps
  Edmund (D:4)
  6 hell hounds (D:13)
  A soldier ant (D:14)
  14 hydra simulacra (Swamp:4)
  20 water moccasins
  9 porcupines
  3 swamp drakes
  9 ice beasts
  A hornet zombie (Ossuary)
  8 necrophages
  22 orc warriors
  An eye of draining (shapeshifter) (D:9)
  4 black bears
  2 phantoms
  2 sky beasts (D:12)
  42 wolves
  17 ogres
  6 boggarts
  8 centaurs
  22 crocodiles
  A big kobold (D:8)
  Blork the orc (D:4)
  14 bullfrogs
  A glowing shapeshifter simulacrum (Vaults:1)
  A water moccasin zombie (Ossuary)
  2 earth elementals
  4 scorpions
  4 small abominations (Abyss:2)
  A human simulacrum (Vaults:1)
  33 killer bees
  4 wights
  An electric eel (Lair:2)
  A howler monkey (D:6)
  10 crimson imps
  2 bullfrog zombies
  Crazy Yiuf (D:2)
  4 centaur zombies
  5 centaur skeletons
  11 hounds
  38 orc priests
  4 jellies
  Terence (D:2)
  Jessica (D:2)
  5 iguanas
  25 orc wizards
  9 worker ants
  3 hound zombies (Ossuary)
  17 mummies
  A hound skeleton (D:7)
  5 worker ant zombies
  14 gnolls
  6 adders
  4 oozes
  3 swamp drake simulacra (Swamp:4)
  An adder zombie (D:9)
  4 worms
  A dart slug (D:1)
  4 leopard geckos
  96 orcs
  A ball python (D:2)
  5 bats
  2 giant cockroaches
  5 goblins
  6 hobgoblins
  3 jackals (D:3)
  17 kobolds
  2 quokkas
  7 frilled lizards
  2 giant cockroach zombies (Ossuary)
  A goblin zombie (D:8)
  A leopard gecko zombie (Ossuary)
  A quokka zombie (D:8)
  11 rats
  A butterfly (Lair:5)
  A withered plant (Ossuary)
1596 creatures vanquished.

Vanquished Creatures (collateral kills)
  A wolf spider (Lair:2)
1 creature vanquished.

Vanquished Creatures (others)
  Asterion (Vaults:1)
  A ragged hierophant (Desolation)
  A thrashing horror (Abyss:2)
  A tyrant leech (Swamp:4)
  A bog body (Swamp:2)
  2 saltlings (Desolation)
  A redback (Spider:2)
  A tarantella (Spider:2)
  4 insubstantial wisps (Swamp:4)
  A white imp (Abyss:2)
  A bush (Lair:3)
  21 fungi
  27 plants
  3 withered plants (Ossuary)
66 creatures vanquished.

Grand Total: 1663 creatures vanquished

Notes
Turn   | Place    | Note
-------+----------+-------------------------------------------
     0 | D:1      | czar the Gargoyle Earth Elementalist began the quest for the Orb.
     0 | D:1      | Reached XP level 1. HP: 10/10 MP: 3/3
   527 | D:1      | Reached XP level 2. HP: 14/15 MP: 5/5
   531 | D:1      | Reached skill level 4 in Earth Magic
   642 | D:1      | Reached XP level 3. HP: 16/19 MP: 4/6
   666 | D:1      | Learned a level 3 spell: Stone Arrow
   864 | D:2      | Noticed Terence
  1036 | D:2      | Noticed Sigmund
  1081 | D:2      | Killed Sigmund
  1081 | D:2      | Reached skill level 5 in Earth Magic
  1081 | D:2      | Reached XP level 4. HP: 19/24 MP: 2/9
  1081 | D:2      | Reached XP level 5. HP: 23/28 MP: 2/10
  1173 | D:2      | Killed Terence
  1173 | D:2      | Reached XP level 6. HP: 24/32 MP: 1/11
  1290 | D:2      | Found a runed door.
  1323 | D:2      | Noticed Crazy Yiuf
  1331 | D:2      | Killed Crazy Yiuf
  1681 | D:2      | Noticed Jessica
  1687 | D:2      | Killed Jessica
  1687 | D:2      | Reached skill level 6 in Earth Magic
  2251 | D:4      | Noticed Blork the orc
  2257 | D:4      | Killed Blork the orc
  2257 | D:4      | Reached XP level 7. HP: 21/36 MP: 2/13
  2562 | D:4      | Noticed Edmund
  2571 | D:4      | Killed Edmund
  2571 | D:4      | Reached skill level 7 in Earth Magic
  2627 | D:3      | Found a shadowy altar of Dithmenos.
  2651 | D:3      | Reached skill level 5 in Spellcasting
  2718 | D:3      | Learned a level 5 spell: Lee's Rapid Deconstruction
  2988 | D:3      | Reached XP level 8. HP: 34/41 MP: 7/15
  3259 | D:4      | Reached skill level 5 in Conjurations
  3496 | D:4      | Found a staircase to the Ecumenical Temple.
  3516 | D:5      | Entered Level 5 of the Dungeon
  3527 | D:5      | HP: 2/41 [killer bee (4)]
  3930 | D:5      | Reached skill level 8 in Earth Magic
  4093 | D:5      | Found a blossoming altar of Fedhas.
  4633 | D:6      | Reached XP level 9. HP: 44/45 MP: 9/18
  4888 | D:6      | Reached skill level 9 in Earth Magic
  5180 | D:6      | Found Qoluraapt's Book Emporium.
  5619 | Temple   | Entered the Ecumenical Temple
  5704 | Temple   | Became a worshipper of Vehumet
  5799 | D:6      | Reached skill level 1 in Armour
  5804 | D:6      | Reached skill level 1 in Fighting
  5804 | D:6      | Reached skill level 1 in Maces & Flails
  5990 | D:6      | Reached skill level 1 in Evocations
  6182 | D:7      | Noticed a two-headed ogre
  6196 | D:6      | Killed a two-headed ogre
  6351 | D:7      | Reached XP level 10. HP: 40/53 MP: 13/20
  6497 | D:7      | Reached * piety under Vehumet
  6497 | D:7      | Offered knowledge of Shock by Vehumet.
  6865 | D:8      | Noticed Quirk's ghost (novice GnFi)
  6877 | D:8      | Killed Quirk's ghost
  6880 | D:8      | Reached skill level 10 in Earth Magic
  6908 | D:8      | Noticed a two-headed ogre
  6944 | D:8      | Killed a two-headed ogre
  6977 | D:8      | Found a sand-covered staircase.
  6986 | Ossuary  | Entered an ossuary
  7181 | Ossuary  | Offered knowledge of Flame Tongue by Vehumet.
  7204 | Ossuary  | Reached ** piety under Vehumet
  7707 | D:8      | Offered knowledge of Searing Ray by Vehumet.
  7712 | D:8      | Reached XP level 11. HP: 61/61 MP: 8/22
  8306 | D:9      | Noticed a death yak
  8307 | D:9      | Noticed a death yak
  8308 | D:9      | Noticed a death yak
  8316 | D:9      | Noticed a death yak
  8328 | D:9      | Noticed a death yak
  8334 | D:9      | Noticed a death yak
  8371 | D:8      | Killed a death yak
  8694 | D:9      | Found a staircase to the Lair.
  8703 | D:9      | Found Xymegint's Antique Armour Boutique.
  8936 | D:9      | Noticed a death yak
  9001 | D:9      | Killed a death yak
  9140 | Lair:1   | Entered Level 1 of the Lair of Beasts
  9195 | Lair:1   | Noticed an oklob plant
  9206 | Lair:1   | Learned a level 3 spell: Conjure Flame
  9211 | Lair:1   | Learned a level 4 spell: Sticky Flame
  9309 | Lair:1   | Reached *** piety under Vehumet
  9487 | Lair:1   | Noticed a death yak
  9494 | Lair:1   | Noticed a death yak
  9495 | Lair:1   | Noticed a death yak
  9501 | Lair:1   | Noticed a death yak
  9510 | Lair:1   | Killed a death yak
  9510 | Lair:1   | Reached skill level 5 in Fighting
  9510 | Lair:1   | Reached skill level 5 in Armour
  9510 | Lair:1   | Reached skill level 1 in Fire Magic
  9530 | Lair:1   | Noticed Grum
  9608 | D:8      | Killed a death yak
  9746 | D:9      | Killed a death yak
  9747 | D:9      | Killed a death yak
  9748 | D:9      | Killed a death yak
  9752 | D:9      | Killed a death yak
  9752 | D:9      | Reached skill level 5 in Maces & Flails
  9752 | D:9      | Reached skill level 11 in Earth Magic
  9752 | D:9      | Reached XP level 12. HP: 34/68 MP: 2/24
  9753 | D:9      | Killed a death yak
  9881 | D:10     | Entered Level 10 of the Dungeon
  9957 | D:10     | Noticed shakethe's ghost (journeyman TeFE)
  9976 | D:10     | Killed shakethe's ghost
 10203 | D:9      | Learned a level 5 spell: Fireball
 10245 | Lair:1   | Killed Grum
 10253 | Lair:1   | Noticed Nergalle
 10528 | D:9      | Killed a death yak
 10529 | D:9      | Killed a death yak
 10692 | D:9      | Reached skill level 5 in Evocations
 10793 | Lair:1   | Killed Nergalle
 10948 | Lair:1   | Reached skill level 5 in Dodging
 11087 | Lair:1   | Offered knowledge of Olgreb's Toxic Radiance by Vehumet.
 12199 | Lair:2   | Noticed an eight-headed hydra
 12211 | Lair:2   | Killed an eight-headed hydra
 12366 | Lair:2   | Found a dark tunnel.
 12375 | Volcano  | Entered a volcano
 12403 | Volcano  | Found a burning altar of Makhleb.
 12404 | Volcano  | Noticed a red draconian
 12485 | Lair:2   | Reached **** piety under Vehumet
 12573 | Lair:2   | Noticed a four-headed hydra
 12582 | Lair:2   | Killed a four-headed hydra
 12582 | Lair:2   | Reached XP level 13. HP: 72/76 MP: 9/25
 12703 | Lair:2   | Offered knowledge of Fulminant Prism by Vehumet.
 13169 | Lair:2   | Reached skill level 10 in Conjurations
 13287 | Lair:2   | Found a hole to the Spider Nest.
 13517 | Lair:3   | Noticed Fannar
 13531 | Lair:3   | Killed Fannar
 13623 | Lair:2   | Identified a scroll of acquirement
 14642 | Lair:4   | Reached skill level 12 in Earth Magic
 14829 | Lair:4   | Found a staircase to the Swamp.
 15081 | Lair:4   | Reached skill level 5 in Fire Magic
 15269 | Lair:4   | Found an ancient bone altar of Kikubaaqudgha.
 15922 | Lair:5   | Noticed Nessos
 15942 | Lair:5   | Killed Nessos
 16112 | Lair:5   | Reached ***** piety under Vehumet
 16129 | Lair:5   | Offered knowledge of Conjure Ball Lightning by Vehumet.
 16419 | Lair:5   | Noticed Snorg
 16427 | Lair:5   | Killed Snorg
 16573 | Lair:5   | Found a hide-covered altar of Uskayaw.
 16720 | Lair:5   | Learned a level 2 spell: Blink
 16730 | Lair:5   | Gained mutation: Your large and strong wings let you fly indefinitely. [Gargoyle growth]
 16730 | Lair:5   | Reached XP level 14. HP: 83/83 MP: 13/27
 16979 | Lair:6   | Entered Level 6 of the Lair of Beasts
 18817 | Lair:6   | Offered knowledge of Force Lance by Vehumet.
 18948 | Lair:6   | Found a viscous altar of Jiyva.
 18949 | Lair:6   | Found a staircase to the Slime Pits.
 20192 | D:10     | Reached skill level 10 in Spellcasting
 20841 | D:11     | Noticed Erolcha
 20848 | D:11     | Killed Erolcha
 21104 | D:11     | Offered knowledge of Iron Shot by Vehumet.
 21115 | D:11     | Learned a level 6 spell: Iron Shot
 21139 | D:11     | Found a staircase to the Orcish Mines.
 21391 | D:11     | Reached skill level 13 in Earth Magic
 21495 | D:11     | Reached XP level 15. HP: 90/90 MP: 11/29
 21710 | Orc:1    | Entered Level 1 of the Orcish Mines
 21723 | Orc:1    | Found Yfozon's General Store.
 21839 | Orc:1    | Found Rosog Rafo's Magic Scroll Boutique.
 21889 | Orc:2    | Entered Level 2 of the Orcish Mines
 22215 | Orc:2    | Found Cithruoxt's Gadget Boutique.
 22215 | Orc:2    | Found Maeseif's Antique Armour Shoppe.
 22222 | Orc:2    | Bought a distressingly furry leather armour for 119 gold pieces
 22232 | Orc:2    | Identified the +0 leather armour "Veituptea" {rPois MP+9 Str-3 Dex+3} (You bought it in a shop on level 2 of the Orcish Mines)
 22263 | Orc:2    | Found a staircase to the Elven Halls.
 22610 | Orc:2    | Found a roughly hewn altar of Beogh.
 22626 | Orc:2    | Found Kurib's Gadget Boutique.
 22626 | Orc:2    | Found Mecweob's Antique Armour Shoppe.
 23295 | Orc:1    | Found Diryp's Antique Weapon Boutique.
 23457 | Orc:1    | Found Yhupont's Gadget Shoppe.
 23827 | Elf:1    | Entered Level 1 of the Elven Halls
 24076 | Elf:1    | Reached ****** piety under Vehumet
 24076 | Elf:1    | Offered knowledge of Ozocubu's Refrigeration by Vehumet.
 25412 | Spider:1 | Entered Level 1 of the Spider Nest
 25645 | Swamp:1  | Entered Level 1 of the Swamp
 25853 | Swamp:1  | Reached skill level 10 in Fighting
 26058 | Swamp:1  | Reached XP level 16. HP: 86/97 MP: 30/30
 27499 | Swamp:2  | Noticed Louise
 27591 | Swamp:2  | Offered knowledge of Orb of Destruction by Vehumet.
 27968 | Swamp:2  | Cast into level 2 of the Abyss (Louise)
 27968 | Abyss:2  | Found a corrupted altar of Lugonu.
 28288 | Abyss:2  | Reached skill level 14 in Earth Magic
 28316 | Abyss:2  | Gained mutation: You are frail. (-10% HP) [a neqoxec]
 28335 | Abyss:2  | Got a slimy lajatang
 28371 | Abyss:2  | Found a corrupted altar of Lugonu.
 28386 | Abyss:2  | Found a corrupted altar of Lugonu.
 28526 | Abyss:2  | Noticed a tentacled starspawn
 28583 | Abyss:2  | Found a corrupted altar of Lugonu.
 28652 | Abyss:2  | Found a stormy altar of Qazlal.
 28847 | Abyss:2  | Noticed a lich
 28869 | Abyss:2  | Noticed a tentacled monstrosity
 28887 | Abyss:2  | Noticed a Brimstone Fiend
 29518 | Abyss:2  | Found a corrupted altar of Lugonu.
 29841 | Abyss:2  | Noticed an Executioner
 29849 | Swamp:2  | Escaped the Abyss
 30323 | Lair:2   | Lost mutation: You are frail. (-10% HP) [potion of mutation]
 30323 | Lair:2   | Gained mutation: Your mind is acute. (Int +2) [potion of mutation]
 30323 | Lair:2   | Lost mutation: Your mind is acute. (Int +2) [potion of mutation]
 30323 | Lair:2   | Gained mutation: You have a pair of small antennae on your head. [potion of mutation]
 30324 | Lair:2   | Lost mutation: You have a pair of small antennae on your head. [potion of mutation]
 30324 | Lair:2   | Gained mutation: You are dopey. (Int -2) [potion of mutation]
 30324 | Lair:2   | Gained mutation: You are partially covered in iridescent scales. (AC +2) [potion of mutation]
 30325 | Lair:2   | Lost mutation: You are dopey. (Int -2) [potion of mutation]
 30325 | Lair:2   | Lost mutation: You are partially covered in iridescent scales. (AC +2) [potion of mutation]
 30325 | Lair:2   | Gained mutation: You are partially covered in iridescent scales. (AC +2) [potion of mutation]
 30326 | Lair:2   | Lost mutation: You are partially covered in iridescent scales. (AC +2) [potion of mutation]
 30326 | Lair:2   | Gained mutation: You are somewhat resistant to further mutation. [potion of mutation]
 31274 | Spider:1 | Offered knowledge of Bolt of Fire by Vehumet.
 31274 | Spider:1 | Reached skill level 10 in Maces & Flails
 31289 | Lair:2   | Learned a level 6 spell: Bolt of Fire
 31386 | Spider:1 | Reached XP level 17. HP: 61/104 MP: 2/32
 31838 | Spider:2 | Found a frozen archway.
 32680 | Spider:2 | Offered knowledge of Poison Arrow by Vehumet.
 34238 | Spider:3 | Found a roughly hewn altar of Beogh.
 34861 | Spider:4 | Entered Level 4 of the Spider Nest
 35364 | Swamp:3  | Offered knowledge of Shatter by Vehumet.
 35364 | Swamp:3  | Offered knowledge of Chain Lightning by Vehumet.
 35364 | Swamp:3  | Offered knowledge of Ignition by Vehumet.
 35679 | Swamp:3  | Reached skill level 10 in Evocations
 35864 | Swamp:3  | Noticed Donald
 35872 | Swamp:3  | Killed Donald
 35874 | Swamp:3  | Noticed Kirke
 35875 | Swamp:3  | Noticed Jorgrun
 36061 | Swamp:3  | Killed Jorgrun
 36138 | Swamp:3  | Reached skill level 15 in Earth Magic
 36139 | Swamp:3  | Reached XP level 18. HP: 110/110 MP: 2/33
 36587 | Swamp:3  | Killed Kirke
 37251 | D:12     | Noticed Gastronok
 37260 | D:12     | Killed Gastronok
 37506 | D:12     | Reached skill level 1 in Shields
 38182 | D:13     | Noticed Urug
 38185 | D:13     | Killed Urug
 38380 | D:13     | Noticed Azrael
 38384 | D:13     | Killed Azrael
 38708 | D:13     | Paralysed by a wizard for 4 turns
 38781 | D:13     | Reached XP level 19. HP: 116/116 MP: 32/35
 38784 | D:13     | Found a gate to the Vaults.
 38800 | D:13     | Identified the Disquisition on Unstable Intoxication
 38876 | D:13     | Identified Neirat Feush's Disquisition on Snow and Weightlessness (You acquired it on level 13 of the Dungeon)
 39541 | D:14     | Identified the Papyrus of Aerial Changing
 39807 | D:15     | Entered Level 15 of the Dungeon
 39832 | D:15     | Noticed Josephine
 39834 | D:15     | Killed Josephine
 40419 | D:15     | Found a staircase to the Depths.
 41360 | Elf:1    | Identified the Handbook of Confrontation
 42515 | Elf:2    | Found Erileith's Food Emporium.
 42665 | Elf:2    | Found a runed gate.
 42665 | Elf:2    | Found a runed gate.
 42665 | Elf:2    | Found a runed gate.
 42727 | Elf:2    | Reached XP level 20. HP: 106/122 MP: 19/36
 42830 | Elf:2    | Found a sparkling altar of Nemelex Xobeh.
 43105 | Elf:2    | Reached skill level 10 in Dodging
 43866 | Orc:2    | Bought a phantom mirror for 450 gold pieces
 43906 | Orc:2    | Bought a crystal ball of energy for 320 gold pieces
 44308 | Swamp:4  | Entered Level 4 of the Swamp
 44313 | Swamp:4  | Got a transparent ring mail
 44342 | Swamp:3  | Reached skill level 5 in Shields
 45163 | Swamp:4  | Got a decaying rune of Zot
 46926 | Spider:4 | Reached skill level 16 in Earth Magic
 48301 | Spider:4 | Got a gossamer rune of Zot
 48336 | Spider:4 | Reached XP level 21. HP: 128/128 MP: 37/37
 48449 | Lair:2   | Identified the +5 ring mail of the Iron Devil {+Inv rF- Str+2 Int+2} (You found it on level 4 of the Swamp)
 48640 | Vaults:1 | Entered Level 1 of the Vaults
 49101 | Vaults:1 | HP: 6/129 [orc knight/poisoned javelin (12)]
 49477 | Vaults:1 | Noticed Asterion
 49491 | Vaults:1 | Killed Asterion
 51403 | Vaults:2 | Found a ruined gateway.
 51412 | Desolati | Entered the Desolation of Salt
 51868 | Desolati | Identified Jadua's Guide on Necromancy
 51881 | Desolati | Got an ancient war axe
 51885 | Desolati | Identified the Incunabulum of Displacement
 51890 | Desolati | Identified the cursed +0 war axe "Jafa" {chop, MR+ Str+4} (You found it in the Desolation of Salt)
 51909 | Desolati | Got a polished ring mail
 51920 | Desolati | Identified the +1 ring mail "Zatirah" {Dex+2 SInv} (You found it in the Desolation of Salt)
 52084 | Desolati | Reached skill level 15 in Conjurations
 52479 | Desolati | Identified the Collected Works on Clay
 52487 | Desolati | Identified Henad's Incunabulum of Beguiling
 52489 | Desolati | Identified the Compendium of Clay and the Volcanoes
 52495 | Desolati | Learned a level 3 spell: Teleport Other
 52537 | Desolati | Got a bronze chain mail
 52548 | Desolati | Identified the +8 chain mail "Foxoug" {rN+ Dex+2 Stlth+} (You found it in the Desolation of Salt)
 53044 | Vaults:2 | Reached XP level 22. HP: 136/136 MP: 39/39
 53934 | Vaults:2 | Shot with a bolt by a yaktaur captain

Skill      XL: |  1  2  3  4  5  6  7  8  9 10 11 12 13 14 15 16 17 18 19 20 21 22 |
---------------+-------------------------------------------------------------------+-----
Earth Magic    | 4 5 6 7 8 9 10 11 12 13 14 15 16 | 16.8
Spellcasting   | 3 4 5 6 7 8 9 10 11 12 13 | 13.4
Conjurations   | 2 3 4 6 7 8 9 10 11 12 13 14 15 | 15.1
Armour         | 2 4 5 6 |  6.7
Fighting       | 2 4 5 6 7 9 10 11 12 13 | 13.7
Maces & Flails | 2 3 5 6 7 8 9 10 11 12 | 12.7
Evocations     | 2 3 4 5 6 7 8 9 10 11 | 11.9
Dodging        | 2 3 4 5 6 7 8 9 10 11 | 11.1
Fire Magic     | 2 3 5 6 7 8 9 11 12 | 12.8
Shields        | 2 4 6 7 8 |  8.0
Stealth        | |  2.1
Transmutations | |  0.7

Action                   |  1- 3 |  4- 6 |  7- 9 | 10-12 | 13-15 | 16-18 | 19-21 | 22-24 || total
-------------------------+-------+-------+-------+-------+-------+-------+-------+-------++-------
Melee: Unarmed           |     9 |       |       |       |       |       |       |       ||     9
       Mace              |    22 |    85 |    14 |       |       |       |       |       ||   121
       Dire flail        |       |       |   171 |   148 |   183 |       |       |       ||   502
       Morningstar       |       |       |       |       |     3 |    70 |       |       ||    73
       Demon whip        |       |       |       |       |       |    16 |   151 |    16 ||   183
 Cast: Sandblast         |    26 |    29 |    45 |    96 |   205 |   112 |   263 |     2 ||   778
       Stone Arrow       |     1 |    18 |    69 |   175 |   478 |   478 |   284 |     6 ||  1509
       Lee's Rapid Decon |       |       |     9 |    30 |    43 |    32 |    36 |       ||   150
       Conjure Flame     |       |       |       |    21 |    15 |     5 |     4 |       ||    45
       Sticky Flame      |       |       |       |     6 |    25 |     4 |     2 |       ||    37
       Fireball          |       |       |       |     4 |    30 |    27 |    51 |     5 ||   117
       Iron Shot         |       |       |       |       |    56 |   156 |   151 |    13 ||   376
       Blink             |       |       |       |       |     1 |     9 |     5 |       ||    15
       Bolt of Fire      |       |       |       |       |       |    50 |   124 |    16 ||   190
 Abil: Fly               |       |       |       |       |     2 |       |       |       ||     2
       Stop Flying       |       |       |       |       |     1 |       |       |       ||     1
Evoke: Sack of spiders   |       |       |       |       |       |     1 |       |       ||     1
       Fan of gales      |       |       |       |       |       |     1 |       |       ||     1
       Wand              |       |       |       |       |       |       |    15 |       ||    15
  Use: Scroll            |       |     2 |     1 |    14 |    16 |    17 |    17 |       ||    67
       Potion            |       |       |     3 |     5 |     1 |    16 |    10 |       ||    35
 Stab: Sleeping          |     3 |     1 |     2 |       |       |       |     1 |     1 ||     8
       Distracted        |       |       |       |     1 |       |       |     1 |       ||     2
  Eat: Chunk             |     1 |     4 |    20 |    18 |    54 |    52 |    59 |     6 ||   214
       Ration            |       |       |       |     3 |     6 |    16 |    17 |       ||    42
Armor: Robe              |    22 |    50 |    27 |       |    98 |   405 |   353 |     1 ||   956
       Leather armour    |       |       |   115 |   145 |    42 |   107 |       |       ||   409
       Acid dragon scale |       |       |       |       |   221 |       |       |       ||   221
Dodge: Dodged            |    34 |   101 |   155 |   144 |   475 |   675 |   429 |     9 ||  2022
Block: Buckler           |       |       |       |       |    14 |   205 |   233 |     8 ||   460
